 Dungeon Crawl Stone Soup version 0.30-a0-219-gf2db51d15e (webtiles) character file.

Game seed: 13922651130160566412

1066 2tousent the Ruffian (level 8, -1/67 (68) HPs)
             Began as a Red Draconian Warper on Oct 6, 2022.
             Was an Elder of Wu Jian.
             Slain by a troll (8 damage)
             ... on level 7 of the Dungeon.
             The game lasted 00:14:44 (6450 turns).

2tousent the Ruffian (Red Draconian Warper)         Turns: 6450, Time: 00:14:44

HP:   -1/67 (68)    AC:  8    Str: 13 (14) XL:     8   Next: 7%
MP:   11/11         EV: 13    Int: 11 (13) God:    Wu Jian [****..]
Gold: 526           SH:  0    Dex: 18 (19) Spells: 2/11 levels left

rFire   + . .      SeeInvis .      - Unarmed
rCold   . . .      Faith    .    (no shield)
rNeg    . . .      Spirit   .    (body armour unavailable)
rPois   +          Reflect  .    (helmet restricted)
rElec   .          Harm     .    h - +0 cloak
rCorr   .          Rampage  .    (no gloves)
Will    .....                    n - +0 pair of boots
Stlth   ++........               (no amulet)
HPRegen 0.31/turn                l - +6 ring of dexterity
MPRegen 0.12/turn                q - ring of poison resistance

@: lightly drained
A: breathe fire, AC +6, unfitting armour, fire resistance 1, cold-blooded
a: Breathe Fire, Renounce Religion, Wall Jump, Serpent's Lash


You were on level 7 of the Dungeon.
You worshipped Wu Jian.
Wu Jian was greatly pleased with you.
You visited 1 branch of the dungeon, and saw 7 of its levels.
You also visited: Sewer.

You collected 526 gold pieces.

Inventory:

Missiles
 b - 7 boomerangs of dispersal (quivered)
Armour
 h - a +0 cloak (worn)
 n - a +0 pair of boots (worn)
Jewellery
 i - an amulet of magic regeneration
 l - a +6 ring of dexterity (left hand)
 o - a ring of resist corrosion
 q - a ring of poison resistance (right hand)
Wands
 w - a wand of mindburst (20)
Scrolls
 a - 2 scrolls of blinking
 c - a scroll of immolation {unknown}
 d - 2 scrolls of fear {unknown}
 e - 7 scrolls of identify {unknown}
 f - 2 scrolls of vulnerability {unknown}
 g - 2 scrolls of teleportation
 m - a scroll of poison {unknown}
 p - a scroll of enchant weapon {unknown}
 s - a scroll of magic mapping {unknown}
 t - 3 scrolls of noise {unknown}
 v - 2 scrolls of enchant armour {unknown}
 y - a scroll of fog {unknown}
Potions
 j - a potion of degeneration
 k - a potion of haste {unknown}
 r - 5 potions of flight
 u - 2 potions of lignification {unknown}
 x - a potion of curing


   Skills:
 - Level 5.0 Fighting
 - Level 0.8 Throwing
 + Level 3.2 Dodging
 + Level 5.7 Unarmed Combat
 - Level 2.0 Spellcasting
 + Level 5.7 Translocations
 - Level 3.0 Air Magic


You had 2 spell levels left.
You knew the following spells:

 Your Spells              Type           Power      Damage    Failure   Level
a - Vhi's Electric Charg  Tloc/Air       20%        N/A       14%         3
b - Manifold Assault      Tloc           13%        N/A       28%         4
c - Blink                 Tloc           26%        N/A       4%          2

Your spell library contained the following spells:

 Spells                   Type           Power      Damage    Failure   Level
 Momentum Strike          Conj/Tloc      14%        3d8       14%         2
 Lesser Beckoning         Tloc           26%        N/A       9%          3
 Teleport Other           Tloc           13%        N/A       9%          3
 Anguish                  Hex/Necr       0%         N/A       96%         4
 Enfeeble                 Hex            0%         N/A       100%        7


Dungeon Overview and Level Annotations

Branches:
Dungeon (7/15)             Temple (0/1) D:4           Sewer (visited)

Altars:
Cheibriados
Ru
Vehumet
Wu Jian
Xom
Yredelemnul

Shops:
D:6 *


Innate Abilities, Weirdness & Mutations

You can breathe blasts of fire.
Your fiery red scales are hard. (AC +6)
You cannot fit into any form of body armour.
Your flesh is heat resistant. (rF+)
You are cold-blooded and may be slowed by cold attacks.


Message History

You feel stronger.
A troll comes into view.
You can't do that yet.
You hit the troll but do no damage. The troll barely misses you.
The troll closely misses you. x2
You closely miss the troll. The troll bites you! The troll claws you!
The troll claws you but does no damage. The troll attacks as you move away!
The troll misses you. The troll barely misses you. The troll claws you.
Aiming: Mindburst
Press: ? - help, Shift-Dir - straight line, f - troll
Aim: a troll (chance to affect: 64%)
The troll struggles to resist.
The troll bites you! The troll claws you but does no damage.
The troll claws you.
Unknown command.
Aiming: Mindburst
Press: ? - help, Shift-Dir - straight line, f/p - troll
Aim: a troll (chance to affect: 64%)
The troll struggles to resist.
The troll bites you but does no damage. The troll claws you!
The troll claws you.
* * * LOW HITPOINT WARNING * * *
Unknown command.
You spin and attack the troll repeatedly.
You hit the troll.
The troll is lightly wounded.
You hit the troll but do no damage. You tail-slap the troll.
The troll is lightly wounded.
You have got your breath back.
The troll bites you!
* * * LOW HITPOINT WARNING * * *
The troll claws you.
* * * LOW HITPOINT WARNING * * *
The troll claws you.
* * * LOW HITPOINT WARNING * * *
Unknown command.
It was a potion of degeneration.
There was something very wrong with that liquid.
You feel weakened.
You feel dopey.
You feel clumsy. The troll bites you but does no damage. The troll claws you!
You die...

.. #####...#
#...T..#
#######.#.#$##
####.......#.#
#.T..#######..
###########@####
###
######...........#
.......###########
.####### ........
######## #### ..<#


You could see a troll.

Vanquished Creatures
  An ice beast (D:7)
  A sky beast (D:6)
  A necrophage (D:6)
  2 scorpions (D:4)
  3 wights
  2 howler monkeys
  4 hounds
  An orc priest (D:5)
  2 iguanas
  A merfolk siren (Sewer)
  An orc wizard (D:4)
  A merfolk avatar (Sewer)
  5 adders
  2 white imps (D:6)
  3 worms (D:3)
  21 orcs
  7 endoplasms
  7 giant cockroaches
  4 goblins
  7 hobgoblins
  7 quokkas
  12 ball pythons
  8 bats
  2 frilled lizards
  7 kobolds
  32 rats
144 creatures vanquished.

Vanquished Creatures (others)
  2 plants (D:3)
2 creatures vanquished.

Grand Total: 146 creatures vanquished

Notes
Turn   | Place    | Note
-------+----------+-------------------------------------------
     0 | D:1      | 2tousent the Draconian Warper began the quest for the Orb.
     0 | D:1      | Reached XP level 1. HP: 17/17 MP: 3/3
   170 | D:1      | Reached XP level 2. HP: 24/24 MP: 5/5
   280 | D:1      | Found a faded altar of an unknown god.
   287 | D:1      | Prayed at the altar of an unknown god.
   287 | D:1      | Became a worshipper of the Wu Jian Council
   287 | D:1      | Reached * piety under Wu Jian
   854 | D:2      | Reached XP level 3. HP: 13/29 MP: 6/6
   955 | D:2      | Learned a level 3 spell: Vhi's Electric Charge
  1341 | D:2      | Reached ** piety under Wu Jian
  1988 | D:3      | Found a radiant altar of Vehumet.
  1998 | D:3      | Reached XP level 4. HP: 36/36 MP: 7/7
  2151 | D:3      | Learned a level 4 spell: Manifold Assault
  2630 | D:4      | Noticed a scorpion
  2641 | D:3      | Reached skill level 1 in Air Magic
  2676 | D:4      | Noticed a scorpion
  2681 | D:4      | Found a glowing drain.
  2686 | Sewer    | Entered a sewer
  2907 | Sewer    | Reached *** piety under Wu Jian
  2969 | Sewer    | Reached XP level 5. HP: 41/41 MP: 8/8
  3279 | D:4      | Reached skill level 5 in Unarmed Combat
  3429 | D:4      | Found a staircase to the Ecumenical Temple.
  3433 | D:4      | Noticed an orc warrior
  3671 | D:4      | Reached XP level 6. HP: 33/48 MP: 9/9
  4245 | D:4      | Found a basalt altar of Yredelemnul.
  4252 | D:5      | Entered Level 5 of the Dungeon
  4368 | D:5      | Learned a level 2 spell: Blink
  4389 | D:5      | Reached skill level 5 in Translocations
  4948 | D:5      | Your scales start taking on a fiery red colour.
  4948 | D:5      | Reached XP level 7. HP: 30/57 MP: 10/10
  4948 | D:5      | Gained mutation: Your flesh is heat resistant. (rF+) [Red
                  | Draconian growth]
  5456 | D:6      | Reached skill level 5 in Fighting
  5484 | D:5      | Reached **** piety under Wu Jian
  5844 | D:6      | Found Bidoll's Serpentskin Sales.
  5954 | D:6      | Found a snail-covered altar of Cheibriados.
  5955 | D:6      | Found a sacrificial altar of Ru.
  5958 | D:6      | Found a shimmering altar of Xom.
  6430 | D:7      | Reached XP level 8. HP: 63/67 MP: 11/11
  6432 | D:7      | Noticed a troll
  6450 | D:7      | Slain by a troll

Illustrated notes

Levels and vault maps discovered:
D:1:      ncdulo_wetmaze, layout_basic,
          dreamdust_ecumenical_altar_hidden_monk_grotto
D:2:      layout_basic, bh_walls_and_bars
D:3:      layout_basic, nicolae_vehumet_radiance, glass_columns_b, st_stairs_13,
          chequers_big_river, grunt_ministairs_1
D:4:      layout_basic, mainiacjoe_overflow_chevrons,
          minmay_temple_entry_junction, portal_sewer_entry_f
D:5:      layout_loops_cross
D:6:      layout_basic, grunt_temple_overflow_open, kennysheep_minor_cross,
          guppyfry_shop_venom
D:7:      layout_rooms, serial_shops, shop, kb_rosetta, uniq_pikel

Skill      XL: |  1  2  3  4  5  6  7 |
---------------+----------------------+-----
Unarmed Combat | 3 4 5 |  5.7
Air Magic      | 1 2 3 |  3.0
Translocations | 4 5 |  5.7
Fighting       | 3 5 |  5.0
Dodging        | 3 |  3.2
Throwing       | |  0.8
Spellcasting   | |  2.0

Action                   |  1- 3 |  4- 6 |  7- 9 || total
-------------------------+-------+-------+-------++-------
Melee: Unarmed           |   132 |   368 |    85 ||   585
       Tailslap          |    14 |    42 |     9 ||    65
       Punch             |     6 |    12 |     5 ||    23
Invok: Lunge             |    13 |    20 |     7 ||    40
       Whirlwind         |     2 |    48 |     1 ||    51
       Serpent's Lash    |       |     2 |       ||     2
 Abil: Wall Jump         |     1 |     2 |       ||     3
       Breathe Fire      |       |       |     7 ||     7
Evoke: Wand              |       |       |     2 ||     2
  Use: Potion            |       |     6 |     1 ||     7
       Scroll            |       |     3 |       ||     3
 Stab: Sleeping          |     2 |     2 |       ||     4
Armor: Skin              |    32 |   158 |    23 ||   213
Dodge: Dodged            |    69 |   238 |    58 ||   365

Table legend: (Time is in decaauts)
 A = Elapsed time spent in this place.
 B = Non-inter-level travel time spent in this place.
 C = Inter-level travel time spent in this place.
 D = Time resting spent in this place.
 E = Time spent auto-exploring this place.
 F = Levels seen in this place.
 G = Mean time per level.
                   A        B        C        D        E       F      G
               +--------+--------+--------+--------+--------+-----+--------+
         Total |   6486 |   6156 |    330 |    333 |   4570 |   8 |  810.8 |
       Dungeon |   5879 |   5549 |    330 |    327 |   4227 |   7 |  839.9 |
         Sewer |    606 |    606 |      0 |      6 |    343 |   1 |  606.0 |
               +--------+--------+--------+--------+--------+-----+--------+

Top non-repeatable levels by time:
     D:5: 1099 daAuts
     D:2: 1001 daAuts
     D:4: 975 daAuts
     D:3: 935 daAuts
     D:1: 788 daAuts
     D:6: 724 daAuts
   Sewer: 606 daAuts
     D:7: 353 daAuts
